 Dungeon Crawl Stone Soup version 0.19-a0-1888-g6ba2374 (webtiles) character file.

689 Psiweapon the Quickloader (level 7, 0/60 HPs)
             Began as a Kobold Hunter on Oct 16, 2016.
             Succumbed to a worker ant's poison
             ... on level 5 of the Dungeon on Oct 17, 2016.
             The game lasted 00:15:03 (5124 turns).

Psiweapon the Quickloader (Kobold Hunter)           Turns: 5124, Time: 00:15:04

Health: 0/60       AC: 11    Str: 13 (14) XL:     7   Next: 95%
Magic:  1/7        EV:  3    Int: 11 (12) God:
Gold:   202        SH:  0    Dex: 16 (18) Spells: 0 memorised, 6 levels left

rFire  . . .     SeeInvis .     b - +0 short sword
rCold  . . .     Gourm    .     (armour currently unavailable)
rNeg   + + +     Faith    .     (shield restricted)
rPois  +         Spirit   +     (helmet currently unavailable)
rElec  .         Dismiss  .     (cloak currently unavailable)
rCorr  .         Reflect  .     (gloves currently unavailable)
MR     .....     Harm     .     (boots currently unavailable)
Stlth  +++....... NoTele   +    l - amulet of guardian spirit
                                (no ring)
                                (no ring)

@: mighty, lethally poisoned (0 -> -4), tree-form, corroded
A: carnivore 3
a: no special abilities


You were on level 5 of the Dungeon.
You were completely stuffed.
You were a tree.
You visited 1 branch of the dungeon, and saw 6 of its levels.

You collected 202 gold pieces.

Inventory:

Hand Weapons
 a - a +1 hand crossbow
 b - a +0 short sword (weapon)
 p - a +2 flail of holy wrath
 y - a +0 antimagic spear
Missiles
 d - 4 bolts
 n - 52 sling bullets
 o - 9 tomahawks (quivered)
 A - 3 throwing nets
Armour
 c - a +0 leather armour (melded)
Jewellery
 l - an amulet of guardian spirit (around neck)
 t - an uncursed ring of fire
Scrolls
 e - 5 scrolls of identify {unknown}
 g - 2 scrolls of random uselessness {unknown}
 i - a scroll of blinking {unknown}
 j - 2 scrolls of magic mapping {unknown}
 k - 3 scrolls of teleportation {unknown}
 q - 5 scrolls of remove curse {unknown}
 s - a scroll of amnesia {unknown}
 u - a scroll of fog {unknown}
 B - a scroll of immolation {unknown}
 C - a scroll of enchant armour {unknown}
Potions
 h - 2 potions of haste
 m - a potion of lignification
 r - a potion of might
 v - a potion of degeneration
 x - a potion of curing {unknown}
Comestibles
 f - 3 meat rations
 z - 3 slices of pizza


   Skills:
 - Level 2.1 Fighting
 * Level 3.1 Short Blades
 - Level 8.9 Crossbows
 - Level 2.4 Dodging
 + Level 6.5 Stealth


You had 6 spell levels left.
You didn't know any spells.

Dungeon Overview and Level Annotations

Branches:
Dungeon (6/15)
 Temple: D:4-7

Altars:
Cheibriados
Dithmenos
Makhleb
Okawaru
Sif Muna

Shops:
D:5 [


Innate Abilities, Weirdness & Mutations

You are small and have problems with some larger weapons.
You are carnivorous and can eat meat at any time.


Message History

The worker ant bites you but does no damage.
You barely miss the worker ant.
The worker ant is moderately wounded.
The worker ant bites you.
* * * LOW HITPOINT WARNING * * *
You are lethally poisoned!
The worker ant poisons you!
You hit the worker ant but do no damage.
The worker ant is moderately wounded.
* * * LOW HITPOINT WARNING * * *
You feel sick.
The worker ant bites you but does no damage.
You hit the worker ant.
The worker ant is heavily wounded.
* * * LOW HITPOINT WARNING * * *
You feel sick. The worker ant bites you.
* * * LOW HITPOINT WARNING * * *
You closely miss the worker ant.
The worker ant is heavily wounded.
You die...

##### #..$#
######...#
#........#
+........#
#.....>..#
#.....♣a.#
#........#####
#....$.......#
#...#+#......#
#.(. #.>....#
....
#......####
...
#.........+
..#
#.#.......###
#.#.......#


You could see a worker ant.

Vanquished Creatures
  A black bear (D:4)
  A scorpion (D:4)
  A crimson imp (D:5)
  A howler monkey (D:4)
  3 hounds
  3 iron imps (D:3)
  A jelly (D:5)
  2 worker ants
  A hound zombie (D:3)
  3 gnolls
  A howler monkey skeleton (D:4)
  6 adders
  An adder skeleton (D:5)
  2 worms (D:2)
  7 dart slugs
  2 leopard geckos
  7 orcs
  10 bats
  A giant cockroach (D:2)
  6 goblins
  7 hobgoblins
  19 jackals
  5 quokkas
  A ball python (D:4)
  3 frilled lizards
  8 kobolds
  2 leopard gecko skeletons (D:4)
  4 rats
109 creatures vanquished.

Notes
Turn   | Place    | Note
-------+----------+-------------------------------------------
     0 | D:1      | Psiweapon the Kobold Hunter began the quest for the Orb.
     0 | D:1      | Reached XP level 1. HP: 12/12 MP: 1/1
   117 | D:2      | Reached skill level 5 in Crossbows
   137 | D:2      | Reached XP level 2. HP: 3/17 MP: 2/2
   517 | D:1      | Reached XP level 3. HP: 19/21 MP: 3/3
  1269 | D:4      | Reached skill level 6 in Crossbows
  1269 | D:4      | Reached XP level 4. HP: 26/26 MP: 4/4
  1321 | D:4      | Found a shadowy altar of Dithmenos.
  1504 | D:2      | Reached XP level 5. HP: 15/30 MP: 5/5
  2036 | D:2      | Found an iron altar of Okawaru.
  2190 | D:2      | Found a deep blue altar of Sif Muna.
  2370 | D:3      | Reached skill level 7 in Crossbows
  2468 | D:4      | Reached XP level 6. HP: 32/35 MP: 3/6
  2481 | D:5      | Entered Level 5 of the Dungeon
  2533 | D:5      | Found Wipto's Armour Boutique.
  2662 | D:3      | Found a snail-covered altar of Cheibriados.
  2777 | D:3      | Found a burning altar of Makhleb.
  2799 | D:3      | Reached skill level 8 in Crossbows
  2802 | D:3      | Reached skill level 5 in Stealth
  2816 | D:3      | Reached XP level 7. HP: 10/40 MP: 2/7
  4014 | D:5      | Reached skill level 1 in Short Blades
  5122 | D:5      | HP: 3/60 [poisoned by a worker ant]
  5123 | D:5      | HP: 1/60 [worker ant (1)]
  5124 | D:5      | Succumbed to a worker ant's poison

Vault maps used:
D:1:      kennysheep_arrival_forest, minmay_misc_feat_pillars
D:2:      old_standard_altar, first_bread, led_sif_pool
D:3:      lemuel_crystal_altar, demons_altar, grunt_ministairs_14
D:4:      lemuel_doored_altar
D:5:      kennysheep_slugbush, serial_shops, shop, eino_tiny_chamber
D:6:      nicolae_qazlal_general_emergency, serial_shops, shop_fountains,
          uniq_prince_ribbit1

Skill      XL: |  1  2  3  4  5  6  7 |
---------------+----------------------+-----
Crossbows      | 5 6 7 8 |  8.9
Stealth        | 2 3 4 5 6 |  6.5
Short Blades   | 3 |  3.1
Fighting       | |  2.1
Dodging        | |  2.4

Action                   |  1- 3 |  4- 6 |  7- 9 || total
-------------------------+-------+-------+-------++-------
Melee: Short sword       |    16 |    49 |   115 ||   180
       Flail             |       |       |     3 ||     3
 Fire: Hand crossbow     |    58 |   102 |    43 ||   203
Throw: Tomahawk          |       |     2 |     1 ||     3
  Use: Potion            |       |     1 |     3 ||     4
 Stab: Sleeping          |       |     1 |     2 ||     3
  Eat: Chunk             |     9 |     5 |     8 ||    22
Armor: Leather armour    |     6 |    20 |     8 ||    34
       Skin              |       |       |     7 ||     7
Dodge: Dodged            |    24 |    85 |    92 ||   201
